 Dungeon Crawl Stone Soup version 0.31.0-11-ge490571c62 (webtiles) character file.

Game seed: 13398750194361582894

3545 Gadfly the Ruffian (level 9, -2/88 HPs)
             Began as a Troll Monk on Jan 28, 2024.
             Was an Initiate of Ru.
             Slain by a nine-headed hydra (5 damage)
             ... on level 8 of the Dungeon on Jan 29, 2024.
             The game lasted 00:09:34 (6889 turns).

Gadfly the Ruffian (Troll Monk)                     Turns: 6889, Time: 00:09:34

Health: -2/88      AC:  5    Str: 23    XL:     9   Next: 83%
Magic:  8/8        EV: 12    Int:  8    God:    Ru [......]
Gold:   395        SH:  0    Dex: 14    Spells: 6/8 levels left

rFire   . .          .
                       - Unarmed
rCold   . . .        (no shield)
rNeg    . . .        a - +1 robe
rPois   .            (helmet currently unavailable)
rElec   .            (cloak currently unavailable)
rCorr   .            (gloves unavailable)
SInv    .            (boots unavailable)
Will    .....        o - amulet of the acrobat
Stlth   +            t - +6 ring of intelligence
HPRegen 1.14/turn    (no ring)
MPRegen 0.11/turn

%: acrobat
@: beast-form
A: beast (slay +3), large, unfitting armour, claws 3, dopey 2, regeneration 1,
shaggy fur 1, tough skin 1
a: Begin Untransformation, Renounce Religion


You were on level 8 of the Dungeon.
You worshipped Ru.
Ru was noncommittal.
You were a hulking beast.
You visited 2 branches of the dungeon, and saw 9 of its levels.

You collected 395 gold pieces.

Inventory:

Hand Weapons
 b - a +5 flail of chaos
Armour
 a - a +1 robe (worn)
 c - an orb of light
 v - +0 acid dragon scales
Jewellery
 o - an amulet of the acrobat (around neck)
 t - a +6 ring of intelligence (left claw)
Talismans
 d - a beast talisman (active)
 f - a serpent talisman
 p - a flux talisman
Wands
 q - a wand of flame (32)
Scrolls
 e - a scroll of enchant weapon
 i - a scroll of teleportation
 m - a scroll of summoning
Potions
 g - a potion of enlightenment {unknown}
 h - 3 potions of might
 j - 3 potions of curing
 k - 2 potions of heal wounds
 l - a potion of haste
 n - a potion of lignification {unknown}
 r - a potion of ambrosia
 x - a potion of resistance {unknown}


   Skills:
 + Level 5.1 Fighting
 * Level 5.7 Dodging
 * Level 6.7 Unarmed Combat
 * Level 5.4 Evocations
 + Level 5.8 Shapeshifting


You had 6 spell levels left.
You knew the following spells:

 Your Spells              Type           Power      Damage    Failure   Level
a - Blink                 Tloc           0%         N/A       54%         2

Your spell library contained the following spells:

 Spells                   Type           Power      Damage    Failure   Level
 Magic Dart               Conj           0%         1d3       41%         1
 Call Imp                 Summ           0%         N/A       54%         2
 Jinxbite                 Hex            0%         N/A       54%         2
 Scorch                   Fire           0%         2d5       54%         2
 Searing Ray              Conj           0%         2d4       54%         2
 Animate Dead             Necr           0%         N/A       99%         4
 Dimensional Bullseye     Hex/Tloc       0%         N/A       99%         4
 Fulminant Prism          Conj/Alch      0%         3d5       99%         4
 Sticky Flame             Fire/Alch      0%         2d4       99%         4
 Borgnjor's Vile Clutch   Necr/Erth      0%         N/A       100%        5
 Yara's Violent Unravell  Hex/Alch       0%         3d3       100%        5
 Death Channel            Necr           0%         N/A       100%        6
 Enfeeble                 Hex            0%         N/A       100%        7


Dungeon Overview and Level Annotations

Branches:
Dungeon (8/15)             Temple (1/1) D:4
   Lair: D:8-11

Altars:
Ashenzari
Cheibriados
Dithmenos
Fedhas
Gozag
Hepliaklqana
Kikubaaqudgha
Makhleb
Nemelex Xobeh
Okawaru
Qazlal
Ru
Sif Muna
Trog
Uskayaw
Vehumet
Wu Jian
Xom
Yredelemnul
Zin
The Shining One

Shops:
D:4 (

Annotations:
D:7 2 transporters, Midpoint's ghost, novice AtHs


Innate Abilities, Weirdness & Mutations

You are a hulking beast.
Your limbs bulge with bestial killing power. (Slay +3)
You are too large for most types of armour.
You have claws for hands.
You are very dopey. (Int -4)
Your natural rate of healing is unusually fast.
You are covered in fur. (AC +1)
You have tough skin. (AC +1)


Message History

There is a stone staircase leading down here.
HP restored.
Midpoint's ghost turns its malevolent gaze towards you.
Found a transporter.
The ogre shouts!
There is a transporter landing site here.
There is a transporter here.
There is a stone staircase leading down here.
You climb downwards.
There is a stone staircase leading up here.
Found a war axe.
Found a leather armour.
You see here a +0 leather armour.
You now have 395 gold pieces (gained 7).
Found a whip.
An orc comes into view. It is wielding a +0 battleaxe.
A wight and an eight-headed hydra come into view.
The eight-headed hydra roars!
A gnoll bouda comes into view. It is wielding a +0 whip.
Found a manual of Conjurations.
You claw the orc!
You kill the orc!
The gnoll bouda shouts!
You barely miss the eight-headed hydra. The eight-headed hydra bites you!
The eight-headed hydra bites you but does no damage.
The eight-headed hydra bites you! x2; The eight-headed hydra bites you.
The eight-headed hydra bites you but does no damage.
The eight-headed hydra barely misses you.
The eight-headed hydra bites you but does no damage.
You claw one of the eight-headed hydra's heads off!
The seven-headed hydra grows two more!
You mangle the nine-headed hydra!!
The nine-headed hydra is moderately wounded.
The nine-headed hydra bites you!
The nine-headed hydra bites you but does no damage. x2
The nine-headed hydra bites you! x2
* * * LOW HITPOINT WARNING * * *
The nine-headed hydra bites you!
* * * LOW HITPOINT WARNING * * *
The nine-headed hydra bites you.
You die...

##.####.#.#.#
#.[#. #.#
##...##
#..[)...... #.#
##.##
##..#.##### #.#
#.#.## ##.#.#
#.# #.##.##
#....## #.#
#.##..###.##....
#.#
##.....#.....#
..#
###.##.#.z###
#.##.hD#
#.###)#)....:
#.# #.. ..g..
#.# ##.. .#..
#.# #.. ... #.#
#.. .. #.# ... .
#..


You could see a nine-headed hydra, a gnoll bouda and a wight.

Vanquished Creatures
  Pikel (D:6)
  Maggie (D:7)
  Sigmund (D:4)
  Eustachio (D:4)
  A steam dragon (D:5)
  Menkaure (D:4)
  Edmund (D:6)
  An acid dragon (D:6)
  A water moccasin (D:6)
  2 orc warriors
  An ice beast (D:5)
  3 sky beasts
  2 black bears (D:5)
  A lemure (D:6)
  A phantom (D:6)
  2 bullfrogs (D:7)
  A brain worm (D:4)
  3 scorpions (D:6)
  4 howler monkeys
  A bombardier beetle (D:3)
  2 hounds
  3 jellies (D:5)
  4 orc priests
  A gnoll bouda (D:5)
  Jessica (D:3)
  An orc wizard (D:3)
  2 iguanas
  4 gnolls (D:5)
  6 adders
  2 shadow imps (D:7)
  3 white imps
  2 dart slugs
  13 orcs
  2 bat zombies (D:4)
  3 endoplasms
  2 giant cockroaches
  6 goblins
  6 hobgoblins
  2 jackals (D:3)
  4 quokkas
  4 ball pythons
  7 bats
  5 frilled lizards
  2 frilled lizard zombies (D:4)
  7 kobolds
  2 rats
126 creatures vanquished.

Vanquished Creatures (others)
  An adder (D:5)
  A butterfly (D:4)
2 creatures vanquished.

Grand Total: 128 creatures vanquished

Notes
Turn   | Place    | Note
-------+----------+-------------------------------------------
     0 | D:1      | Gadfly the Troll Monk began the quest for the Orb.
     0 | D:1      | Reached XP level 1. HP: 22/22 MP: 0/0
   498 | D:1      | Reached XP level 2. HP: 29/29 MP: 1/1
  1002 | D:2      | Reached skill level 1 in Shapeshifting
  1149 | D:2      | Reached skill level 1 in Evocations
  1149 | D:2      | Reached XP level 3. HP: 36/36 MP: 2/2
  1584 | D:2      | You fall into a shaft and drop 2 floors!
  1587 | D:4      | Found a staircase to the Ecumenical Temple.
  1709 | D:3      | Reached XP level 4. HP: 33/44 MP: 3/3
  1725 | D:3      | Noticed a water elemental
  1727 | D:3      | Found a stormy altar of Qazlal.
  1730 | D:3      | Noticed an air elemental
  1778 | D:3      | Reached XP level 5. HP: 37/52 MP: 4/4
  1814 | D:3      | Found a sparkling altar of Nemelex Xobeh.
  1814 | D:3      | Found an opulent altar of Gozag.
  1964 | D:3      | Noticed Jessica
  1970 | D:3      | Killed Jessica
  1992 | D:3      | Found a faded altar of an unknown god.
  2324 | D:3      | Found a burning altar of Makhleb.
  2374 | D:3      | Noticed a fire elemental
  2657 | D:4      | Noticed Menkaure
  2662 | Temple   | Entered the Ecumenical Temple
  2718 | D:4      | Killed Menkaure
  2719 | D:4      | Reached XP level 6. HP: 58/61 MP: 5/5
  2772 | D:4      | Noticed Sigmund
  2781 | D:4      | Killed Sigmund
  2782 | D:4      | Reached skill level 4 in Unarmed Combat
  2854 | D:4      | Found Punema's Antique Weapon Emporium.
  3127 | D:4      | Noticed Eustachio
  3142 | D:4      | Killed Eustachio
  3143 | D:4      | Reached XP level 7. HP: 40/67 MP: 6/6
  3179 | D:4      | Found a shimmering altar of Xom.
  3293 | D:4      | Found a sacrificial altar of Ru.
  3293 | D:4      | Found an ornate altar of the Wu Jian Council.
  3442 | D:4      | Became a worshipper of Ru the Awakened
  3452 | D:4      | Gained mutation: You are dopey. (Int -2) [Ru sacrifice]
  3546 | D:4      | Found an ancient bone altar of Kikubaaqudgha.
  3589 | D:5      | Entered Level 5 of the Dungeon
  3676 | D:5      | Found a radiant altar of Vehumet.
  3812 | D:5      | Reached XP level 8. HP: 69/78 MP: 7/7
  4582 | D:5      | Learned a level 2 spell: Blink
  4674 | D:6      | Reached skill level 5 in Shapeshifting
  4729 | D:6      | Noticed Edmund
  4756 | D:6      | Killed Edmund
  4757 | D:6      | Reached skill level 5 in Unarmed Combat
  4923 | D:6      | Noticed Pikel
  4947 | D:6      | Killed Pikel
  4948 | D:6      | Reached XP level 9. HP: 70/85 MP: 8/8
  5029 | D:6      | Found an iron altar of Okawaru.
  5199 | D:6      | Reached skill level 5 in Dodging
  5265 | D:6      | Reached skill level 6 in Unarmed Combat
  5408 | D:6      | Reached skill level 5 in Evocations
  5745 | D:7      | Gained mutation: You are very dopey. (Int -4) [Ru
                  | sacrifice]
  5964 | D:7      | Got the Compendium of Torrid Correspondence
  5997 | D:7      | Noticed Midpoint's ghost (novice AtHs)
  5999 | D:7      | Found a transporter.
  6143 | D:7      | Noticed Maggie
  6154 | D:7      | Killed Maggie
  6155 | D:7      | Reached skill level 5 in Fighting
  6780 | D:7      | Found a transporter.
  6885 | D:8      | Noticed an eight-headed hydra
  6889 | D:8      | HP: 3/88 [nine-headed hydra (14)]
  6889 | D:8      | Slain by a nine-headed hydra

Illustrated notes

Levels and vault maps discovered:
D:1:      tarquinn_simple_flora_water_c, layout_loops_corners
D:2:      layout_loops_corners
D:3:      layout_loops_cross, grunt_temple_overflow_opulence,
          nicolae_qazlal_style_of_elements, lightli_temple_of_fire,
          hellmonk_ecumenical_altar_blasted, uniq_jessica
D:4:      layout_basic, gammafunk_temple_overflow_elements,
          lemuel_zombie_altar_kikubaaqudgha, xom_butterflies,
          minmay_temple_entry_mist, serial_shops, shop, uniq_eustachio,
          uniq_menkaure, uniq_sigmund
D:5:      layout_basic, nicolae_vehumet_radiance, serial_park_tiny_pond,
          minmay_pentangle
D:6:      layout_cave_pods, okawaru_metal_pillars_1_2, uniq_edmund, uniq_pikel
D:7:      layout_basic, gammafunk_ghost_smash, uniq_maggie
D:8:      layout_loops_ring, mainiacjoe_overflow_alcove_4, minmay_manual_moon
Temple:   hellmonk_temple_of_storms

Skill      XL: |  1  2  3  4  5  6  7  8  9 |
---------------+----------------------------+-----
Shapeshifting  | 1 2 3 4 5 |  5.8
Evocations     | 1 2 3 4 5 |  5.4
Dodging        | 3 4 5 |  5.7
Fighting       | 3 4 5 |  5.1
Unarmed Combat | 4 5 6 |  6.7

Action                     |  1- 3 |  4- 6 |  7- 9 || total
---------------------------+-------+-------+-------++-------
  Melee: Unarmed           |    62 |    69 |   218 ||   349
         Punch             |     1 |     2 |     7 ||    10
         Flail             |       |       |     8 ||     8
 Invoke: Sacrifice Purity  |       |       |     2 ||     2
    Use: Scroll            |     5 |       |     7 ||    12
         Potion            |       |       |     2 ||     2
   Stab: Sleeping          |     1 |     1 |       ||     2
 Armour: Robe              |    36 |    44 |   167 ||   247
  Dodge: Dodged            |    26 |    36 |   125 ||   187
   Form: Beast             |     1 |       |       ||     1
